 Dungeon Crawl Stone Soup version 0.31-a0-152-g6aa68a64a1 (webtiles) character file.

Game seed: 16416759530792390495

2540 qw the Skirmisher (level 9, -2/79 HPs)
             Began as a Minotaur Hunter on June 9, 2023.
             Was a Follower of Okawaru.
             Slain by a wyvern (3 damage)
             ... while petrified by a basilisk
             ... on level 8 of the Dungeon.
             The game lasted 00:02:42 (6501 turns).

qw the Skirmisher (Minotaur Hunter)                 Turns: 6501, Time: 00:02:43

Health: -2/79      AC:  9    Str: 16    XL:     9   Next: 30%
Magic:  7/8        EV:  2    Int:  6    God:    Okawaru [*.....]
Gold:   338        SH:  0    Dex: 16    Spells: 8/8 levels left

rFire   . . .        Y - +0 orcbow
rCold   + . .        (shield currently unavailable)
rNeg    + + +        d - +1 robe {rC+}
rPois   inf          (helmet restricted)
rElec   .            (no cloak)
rCorr   .            g - +1 pair of gloves
SInv    .            (no boots)
Will    .....        (no amulet)
Stlth   +++          e - +4 ring of protection
HPRegen 0.33/turn    (no ring)
MPRegen 0.11/turn

%: no passive effects
@: petrified, heroic
A: horns 2, retaliatory headbutt, claws 1, large bone plates 1, clumsy 1, wild
magic 1
a: Renounce Religion, Heroism


You were on level 8 of the Dungeon.
You worshipped Okawaru.
Okawaru was aware of your devotion.
You visited 2 branches of the dungeon, and saw 9 of its levels.

You collected 338 gold pieces.


Innate Abilities, Weirdness & Mutations

You have a pair of horns on your head.
You reflexively headbutt those who attack you in melee.
You have sharp fingernails.
You are partially covered in large bone plates. (SH +4)
You are clumsy. (Dex -2)
Your spells are a little harder to cast, but a little more powerful.


   Skills:
 - Level 7.4(12.4) Fighting
 + Level 11.8(16.8) Ranged Weapons
 - Level 1.2(6.2) Armour
 - Level 5.2(10.2) Dodging
 - Level 0.7(5.7) Stealth
 - Level 1.0 Invocations


You had 8 spell levels left.
You didn't know any spells.
Your spell library was empty.

Inventory:

Hand Weapons
 n - a +2 shortbow of flaming
 Y - a +0 orcbow (weapon)
Armour
 d - a +1 robe of cold resistance (worn)
 f - a +0 ring mail
 g - a +1 pair of gloves (worn)
 h - a +1 robe of resistance
Jewellery
 e - a +4 ring of protection (left hand)
Scrolls
 a - 3 scrolls of teleportation
 c - a scroll of fog {unknown}
 l - 2 scrolls of identify
Potions
 b - 2 potions of heal wounds
 i - 3 potions of curing
 j - a potion of haste
 k - a potion of mutation
 o - a potion of ambrosia {unknown}

Dungeon Overview and Level Annotations

Branches:
Dungeon (8/15)             Temple (1/1) D:7
   Lair: D:8-11

Altars:
Ashenzari
Cheibriados
Dithmenos
Elyvilon
Fedhas
Gozag
Hepliaklqana
Kikubaaqudgha
Makhleb
Nemelex Xobeh
Okawaru
Qazlal
Ru
Sif Muna
Trog
Uskayaw
Vehumet
Xom
Yredelemnul
Zin
The Shining One


Message History

The basilisk gazes at you. The wyvern bites you.
You turn to flesh and can move again.
6492 ||| INVOKING Heroism.
You gain the combat prowess of a mighty hero.
You can no longer gain great but temporary skills.
You block the basilisk's attack. The wyvern bites you.
The wyvern hisses menacingly.
You shoot an arrow. The arrow hits the basilisk.
The basilisk is severely wounded.
The wyvern misses you. The basilisk gazes at you. You resist with some effort.
You shoot an arrow. The arrow hits the basilisk.
The basilisk is severely wounded.
You block the wyvern's attack. The basilisk gazes at you.
You are slowing down.
You shoot an arrow. The arrow hits the basilisk.
The basilisk is almost dead.
You block the wyvern's attack. The wyvern bites you. The basilisk bites you.
Your limbs are stiffening.
You shoot an arrow.
The arrow hits the basilisk but does no damage.
The basilisk is almost dead.
The wyvern bites you! You block the basilisk's attack.
The wyvern bites you but does no damage.
You shoot an arrow. The arrow hits the basilisk!
You kill the basilisk!
Okawaru is honoured by your kill.
You can now gain great but temporary skills.
The wyvern bites you! The wyvern closely misses you.
You have turned to stone.
The wyvern bites you! The wyvern bites you.
The wyvern bites you but does no damage.
The wyvern bites you. The wyvern bites you! The wyvern bites you.
The wyvern barely misses you.
The wyvern bites you but does no damage.
The wyvern bites you! The wyvern bites you! The wyvern bites you.
You die...

#............ 7P..
......#.......###'# P...
P....+.......#.... .P...
.....#.......#.... .....
.....#.>.....#....
....#....#.......#....
PP..Sl#....#.......#...#
...... #ll...#.......#...#
......###@...#.......#....
7..#..##....#.......#....
......##....#..<....#...#
#.........#.......#...#
#.........#.......#.... .
#.........#.......#.... ..
#.........#.......#.... #.
##..##....#.......#...#
##..##..##....#.......#...#


You could see a water moccasin and 3 wyverns.

Vanquished Creatures
  Prince Ribbit (D:4)
  A basilisk (D:8)
  2 vampire mosquitoes (D:8)
  A sky beast (D:8)
  3 black bears
  An orc warrior (D:7)
  An ice beast (D:5)
  A centaur (D:5)
  A kobold brigand (D:8)
  3 bullfrogs
  A gnoll sergeant (D:8)
  A scorpion (D:6)
  3 howler monkeys (D:8)
  4 hounds
  A jelly (D:5)
  5 orc priests
  2 iguanas (D:4)
  7 orc wizards
  2 sleepcaps (D:6)
  3 gnolls (D:8)
  6 adders
  A white imp (D:5)
  An ufetubus (D:5)
  4 worms
  11 dart slugs
  24 orcs
  12 bats
  3 endoplasms
  A giant cockroach (D:2)
  8 goblins
  5 hobgoblins
  9 jackals
  2 quokkas
  4 ball pythons
  A frilled lizard (D:3)
  14 kobolds
  4 rats
154 creatures vanquished.

Notes
Turn   | Place    | Note
-------+----------+-------------------------------------------
     0 | D:1      | qw the Minotaur Hunter began the quest for the Orb.
     0 | D:1      | Reached XP level 1. HP: 18/18 MP: 0/0
     0 | D:1      | 0 ||| qw: Version: 0.2-a-121-gba3a3e5
     0 | D:1      | 0 ||| qw: Game counter: 3224
     0 | D:1      | 0 ||| qw: Always use a shield: true
     0 | D:1      | 0 ||| qw: God list: Okawaru
     0 | D:1      | 0 ||| qw: Allow faded altars: false
     0 | D:1      | 0 ||| qw: Do Orc after D:15 true
     0 | D:1      | 0 ||| qw: Do second Lair branch before Depths: true
     0 | D:1      | 0 ||| qw: Lair rune preference: random
     0 | D:1      | 0 ||| qw: Plans: Normal
     0 | D:1      | 0 ||| PLANNING D:1-11
   467 | D:1      | Reached XP level 2. HP: 25/25 MP: 1/1
   473 | D:1      | Reached skill level 5 in Ranged Weapons
   630 | D:1      | Reached skill level 3 in Fighting
  1063 | D:1      | 1063 ||| UPGRADING to +1 robe of cold resistance.
  1073 | D:1      | 1073 ||| DROPPING +0 leather armour.
  1074 | D:1      | 1074 ||| UPGRADING to +0 pair of gloves.
  1079 | D:1      | 1079 ||| READING 2 scrolls labelled ZOUFEF XASUC.
  1082 | D:1      | 1082 ||| READING scroll labelled SOET GIFILAMI.
  1083 | D:1      | 1083 ||| READING scroll labelled MAOTAL RIM FAKK.
  1084 | D:1      | 1084 ||| DROPPING scroll of butterflies.
  1086 | D:1      | 1086 ||| Stepping ~*~*~tactically~*~*~ (cloud).
  1294 | D:2      | Reached XP level 3. HP: 31/31 MP: 2/2
  1294 | D:2      | Found a broken altar of Ashenzari.
  1737 | D:2      | 1737 ||| UPGRADING to +4 ring of protection.
  1738 | D:2      | 1738 ||| READING scroll labelled MOEPHIROID.
  1739 | D:2      | 1739 ||| DRINKING 2 white potions.
  1740 | D:2      | 1740 ||| DROPPING potion of magic.
  1806 | D:3      | Reached XP level 4. HP: 38/38 MP: 3/3
  1808 | D:3      | Reached skill level 6 in Ranged Weapons
  1953 | D:3      | 1953 ||| Stepping ~*~*~tactically~*~*~ (water).
  1963 | D:3      | 1963 ||| Stepping ~*~*~tactically~*~*~ (water).
  2055 | D:3      | Reached XP level 5. HP: 46/46 MP: 4/4
  2544 | D:3      | 2544 ||| READING scroll labelled BAXTIU UXZIG.
  2545 | D:3      | 2545 ||| READING scroll labelled QOCEICSORR.
  2626 | D:3      | 2626 ||| DRINKING 4 bubbling coppery potions.
  2627 | D:3      | 2627 ||| DRINKING 2 sedimented puce potions.
  2627 | D:3      | Gained mutation: You are partially covered in large bone
                  | plates. (SH +4) [potion of mutation]
  2627 | D:3      | Gained mutation: You are clumsy. (Dex -2) [potion of
                  | mutation]
  2627 | D:3      | Gained mutation: You have hidden genetic potential. [potion
                  | of mutation]
  2800 | D:4      | Reached skill level 7 in Ranged Weapons
  3019 | D:4      | Noticed a black bear
  3028 | D:4      | Killed a black bear
  3029 | D:4      | Reached XP level 6. HP: 50/52 MP: 5/5
  3036 | D:4      | Gained mutation: You have sharp fingernails. [hidden
                  | potential]
  3121 | D:4      | Reached skill level 8 in Ranged Weapons
  3389 | D:4      | 3389 ||| READING scroll labelled ZASYOV ZIMEJOX.
  3390 | D:4      | 3390 ||| READING 2 scrolls labelled NEASIT QETUFE.
  3391 | D:4      | 3391 ||| DRINKING 2 glowing red potions.
  3392 | D:4      | 3392 ||| DRINKING 3 brown potions.
  3435 | D:4      | 3435 ||| DROPPING 2 potions of lignification.
  3461 | D:5      | Entered Level 5 of the Dungeon
  3572 | D:5      | Reached skill level 3 in Dodging
  3572 | D:5      | Reached XP level 7. HP: 41/61 MP: 6/6
  3578 | D:5      | Noticed Prince Ribbit
  3579 | D:5      | 3579 ||| FLEEEEING.
  3580 | D:5      | 3580 ||| FLEEEEING.
  3581 | D:5      | 3581 ||| FLEEEEING.
  3582 | D:5      | 3582 ||| FLEEEEING.
  3583 | D:5      | 3583 ||| FLEEEEING.
  3584 | D:5      | 3584 ||| STAIRDANCE
  3640 | D:5      | 3640 ||| STAIRDANCE
  3644 | D:4      | 3644 ||| FLEEEEING.
  3645 | D:4      | 3645 ||| FLEEEEING.
  3648 | D:4      | 3648 ||| FLEEEEING.
  3649 | D:4      | 3649 ||| FLEEEEING.
  3650 | D:4      | 3650 ||| FLEEEEING.
  3652 | D:4      | 3652 ||| FLEEEEING.
  3653 | D:4      | 3653 ||| STAIRDANCE
  3697 | D:4      | 3697 ||| FLEEEEING.
  3698 | D:4      | 3698 ||| STAIRDANCE
  3839 | D:4      | Killed Prince Ribbit
  3840 | D:4      | Reached skill level 9 in Ranged Weapons
  3842 | D:4      | Gained mutation: Your spells are a little harder to cast,
                  | but a little more powerful. [hidden potential]
  3842 | D:4      | Lost mutation: You have hidden genetic potential. [hidden
                  | potential expressed]
  3875 | D:5      | 3875 ||| SWAPPING to +0 orcbow.
  3879 | D:5      | 3879 ||| DROPPING +0 shortbow.
  3895 | D:5      | Reached skill level 1 in Armour
  3916 | D:5      | Noticed a wyvern
  4000 | D:5      | Found an ancient bone altar of Kikubaaqudgha.
  4002 | D:5      | Found a sparkling altar of Nemelex Xobeh.
  4130 | D:5      | Reached skill level 6 in Fighting
  4337 | D:6      | Reached XP level 8. HP: 70/70 MP: 7/7
  4344 | D:6      | 4344 ||| STAIRDANCE
  4345 | D:5      | Found a radiant altar of Vehumet.
  4345 | D:5      | Found an opulent altar of Gozag.
  4348 | D:5      | Found a glowing silver altar of Zin.
  5078 | D:6      | 5078 ||| READING scroll labelled NEUHURPHY IHIS.
  5079 | D:6      | 5079 ||| DRINKING 2 yellow potions.
  5080 | D:6      | 5080 ||| DROPPING potion of attraction.
  5207 | D:7      | 5207 ||| Stepping ~*~*~tactically~*~*~ (outnumbered).
  5219 | D:7      | Reached skill level 10 in Ranged Weapons
  5310 | D:7      | Found a staircase to the Ecumenical Temple.
  5311 | D:7      | 5311 ||| PLANNING TEMPLE
  5311 | D:7      | 5311 ||| READING 2 scrolls of identify.
  5311 | D:7      | 5311 ||| IDENTIFYING bubbling dark potion
  5408 | Temple   | Entered the Ecumenical Temple
  5478 | Temple   | 5478 ||| PLANNING D:1-11
  5863 | D:7      | Found a burning altar of Makhleb.
  5866 | D:7      | 5866 ||| DRINKING 3 potions of curing.
  5866 | D:7      | 5866 ||| (to cure confusion)
  5891 | D:7      | Found a bloodstained altar of Trog.
  5891 | D:7      | Found an iron altar of Okawaru.
  5893 | D:7      | 5893 ||| PLANNING OKAWARU WORSHIP
  5893 | D:7      | 5893 ||| READING 2 scrolls labelled EJEJ JA JUNK.
  5894 | D:7      | 5894 ||| READING scroll of enchant armour.
  5894 | D:7      | 5894 ||| ENCHANTING +0 pair of gloves.
  5902 | D:7      | Became a worshipper of Warmaster Okawaru
  5902 | D:7      | 5902 ||| PLANNING D:1-11
  6241 | D:8      | Reached skill level 11 in Ranged Weapons
  6251 | D:8      | Reached XP level 9. HP: 71/79 MP: 8/8
  6380 | D:8      | Reached * piety under Okawaru
  6384 | D:8      | 6384 ||| FLEEEEING.
  6385 | D:8      | 6385 ||| FLEEEEING.
  6386 | D:8      | 6386 ||| FLEEEEING.
  6419 | D:8      | 6419 ||| INVOKING Heroism.
  6429 | D:8      | Reached skill level 1 in Invocations
  6492 | D:8      | 6492 ||| INVOKING Heroism.
  6498 | D:8      | HP: 18/79 [wyvern (4)]
  6500 | D:8      | HP: 4/79 [wyvern (5)]
  6501 | D:8      | HP: 1/79 [wyvern (4)]
  6501 | D:8      | Slain by a wyvern

Levels and vault maps discovered:
D:1:      minmay_arrival_five_plusses, layout_basic
D:2:      layout_rooms, serial_corexii_hall, corexii_hall_statues_i,
          corexii_hall_statues_x, chequers_hall_statues_corner_a,
          corexii_hall_statues_i, basic_altar
D:3:      kennysheep_slugbush, layout_basic
D:4:      layout_basic
D:5:      layout_cave_pools, nicolae_overflow_hidden_temple,
          lightli_corner_chamber, uniq_prince_ribbit1
D:6:      layout_basic
D:7:      layout_basic, minitemple, minmay_temple_entry_statues_fountains
D:8:      layout_gridville, nicolae_wu_jian_immortal_techniques,
          minmay_lair_entry_grove
Temple:   dshaligram_water_room_temple

Skill      XL: |  1  2  3  4  5  6  7  8  9 |
---------------+----------------------------+-----
Ranged Weapons | 5 6 7 8 9 11 | 11.8
Fighting       | 3 4 5 6 7 |  7.4
Dodging        | 3 4 5 |  5.2
Armour         | 1 |  1.2
Invocations    | 1 |  1.0
Stealth        | |  0.7

Action                     |  1- 3 |  4- 6 |  7- 9 || total
---------------------------+-------+-------+-------++-------
   Fire: Shortbow          |   125 |   224 |    22 ||   371
         Orcbow            |       |       |   249 ||   249
 Invoke: Heroism           |       |       |     2 ||     2
    Use: Scroll            |     4 |     4 |     4 ||    12
         Potion            |     1 |     4 |     2 ||     7
 Armour: Leather armour    |     6 |       |       ||     6
         Robe              |     2 |    36 |    50 ||    88
  Dodge: Dodged            |    27 |    45 |    71 ||   143
  Block: Other             |       |    17 |    28 ||    45

Table legend:
 A = Non-vault XP
 B = Vault XP
 C = Vault XP percentage of total XP
 D = Non-vault monster count
 E = Vault monster count
 F = Vault count percentage of total count
                 A         B        C        D         E       F
            +---------+---------+-------+---------+---------+-------
      Total |    3104 |     525 |  14.5 |     143 |      11 |   7.1
            +---------+---------+-------+---------+---------+-------
        D:1 |      33 |       0 |   0.0 |      21 |       0 |   0.0
        D:2 |      46 |       0 |   0.0 |      17 |       0 |   0.0
        D:3 |      94 |      36 |  27.7 |      22 |       9 |  29.0
        D:4 |     366 |     296 |  44.7 |      21 |       1 |   4.5
        D:5 |     482 |       0 |   0.0 |      18 |       0 |   0.0
        D:6 |     330 |       0 |   0.0 |       6 |       0 |   0.0
        D:7 |     739 |       0 |   0.0 |      19 |       0 |   0.0
        D:8 |    1014 |     193 |  16.0 |      19 |       1 |   5.0
            +---------+---------+-------+---------+---------+-------
